 Dungeon Crawl Stone Soup version 0.23-a0-494-g91793a9 (webtiles) character file.

4 zishaf the Sneak (level 1, 0/9 HPs)
             Began as a Spriggan Enchanter on Dec 3, 2018.
             Slain by a jackal (1 damage)
             ... on level 1 of the Dungeon.
             The game lasted 00:00:50 (157 turns).

zishaf the Sneak (Spriggan Enchanter)                Turns: 157, Time: 00:00:50

Health: 0/9        AC:  2    Str:  4    XL:     1   Next: 58%
Magic:  5/5        EV: 17    Int: 16    God:
Gold:   0          SH:  0    Dex: 16    Spells: 4/5 levels left

rFire    . . .     SeeInvis +   a - +1 dagger
rCold    . . .     Gourm    .   (shield restricted)
rNeg     . . .     Faith    .   b - +0 robe
rPois    +         Spirit   .   (helmet restricted)
rElec    .         Reflect  .   (no cloak)
rCorr    .         Harm     .   (gloves unavailable)
MR       .....                  (boots unavailable)
Stlth    ++........             (no amulet)
HPRegen  0.03/turn              c - ring of poison resistance
MPRegen  0.09/turn              (no ring)

@: heavily drained, very quick
A: very small, unfitting armour, see invisible, herbivore, speed 3, slow
metabolism 2
a: no special abilities


You were on level 1 of the Dungeon.
You were not hungry.

You visited 1 branch of the dungeon, and saw 1 of its levels.

Inventory:

Hand Weapons
 a - a +1 dagger (weapon)
Armour
 b - a +0 robe (worn)
Jewellery
 c - a ring of poison resistance (left hand)
 e - an uncursed amulet of harm
Scrolls
 f - a scroll of immolation {unknown}
Potions
 g - a potion of curing {unknown}
Comestibles
 d - a ration


   Skills:
 + Level 1.2(0.0) Short Blades
 + Level 3.1(1.5) Dodging
 * Level 4.6(3.0) Stealth
 - Level 2.6(1.1) Spellcasting
 * Level 3.8(2.2) Hexes


You had 4 spell levels left.
You knew the following spells:

 Your Spells              Type           Power        Failure   Level  Hunger
a - Corona                Hex            #......      9%          1    ##.....

Your spell library contained the following spells:

 Spells                   Type           Power        Failure   Level  Hunger
 Ensorcelled Hibernation  Hex/Ice        #.....       22%         2    ###....
 Confuse                  Hex            #.......     26%         3    ####...
 Tukima's Dance           Hex            #.......     26%         3    ####...
 Dazzling Spray           Conj/Hex       #.....       38%         3    ####...


Dungeon Overview and Level Annotations

Branches:
Dungeon (1/15)

Altars:


Innate Abilities, Weirdness & Mutations

You are very small and have problems with some larger weapons.
You are too small for most types of armour.
You have supernaturally acute eyesight. (SInv)
You are a herbivore.
You cover ground extremely quickly.
You need to consume almost no food.


Message History

The giant cockroach is lightly wounded.
The jackal closely misses you. The jackal misses you.
The giant cockroach misses you.
You hit the giant cockroach but do no damage.
The giant cockroach is lightly wounded.
The jackal bites you. The jackal closely misses you.
The giant cockroach completely misses you.
The jackal bites you.
* * * LOW HITPOINT WARNING * * *
The jackal closely misses you.
You hit the giant cockroach.
The giant cockroach is severely wounded.
The giant cockroach closely misses you. The jackal completely misses you.
The jackal barely misses you. The giant cockroach barely misses you.
You hit the giant cockroach.
You kill the giant cockroach!
The jackal misses you. The jackal bites you.
* * * LOW HITPOINT WARNING * * *
The jackal bites you.
You die...

#[.......... ..
#........... ..
#........... ..##
#......<....
..###...........
##..##...........
#....#...........
######h..)##..........
#...†@hh..###........[
#.#####...# ##.......#
#...#######.####
#......h.#..h#..
#.........#.#.h.
#?##.###...#....
...##.....#...#..
.[#.....#.####.#... .
........# ####.##


You could see 3 jackals.

Vanquished Creatures
  2 giant cockroaches (D:1)
  A hobgoblin (D:1)
  A kobold (D:1)
4 creatures vanquished.

Notes
Turn   | Place    | Note
-------+----------+-------------------------------------------
     0 | D:1      | zishaf the Spriggan Enchanter began the quest for the Orb.
     0 | D:1      | Reached XP level 1. HP: 9/9 MP: 5/5
   157 | D:1      | Slain by a jackal

Vault maps used:
D:1:      psy_arrival_dodecagon, hangedman_glass_teeth, serial_park_tiny_pond,
          minmay_pentomino_p2

Action                   || total
-------------------------++-------
Melee: Dagger            ||    20
 Stab: Sleeping          ||     2
Armor: Robe              ||     5
Dodge: Dodged            ||    44

Table legend:
 A = Non-vault XP
 B = Vault XP
 C = Vault XP percentage of total XP
 D = Non-vault monster count
 E = Vault monster count
 F = Vault count percentage of total count
                 A         B        C        D         E       F
            +---------+---------+-------+---------+---------+-------
      Total |       7 |       0 |   0.0 |       4 |       0 |   0.0
            +---------+---------+-------+---------+---------+-------
        D:1 |       7 |       0 |   0.0 |       4 |       0 |   0.0
            +---------+---------+-------+---------+---------+-------
